 Dungeon Crawl Stone Soup version 0.20.1-1-g8b1a95d (webtiles) character file.

154 AverageBear the Cutter (level 5, -6/31 HPs)
             Began as a Deep Elf Fighter on July 16, 2017.
             Killed by divine providence
             ... invoked by an orc priest
              (12 damage)
             ... on level 3 of the Dungeon.
             The game lasted 00:03:48 (2509 turns).

AverageBear the Cutter (Deep Elf Fighter)           Turns: 2509, Time: 00:03:48

Health: -6/31      AC:  8    Str: 19    XL:     5   Next: 13%
Magic:  16/16      EV:  8    Int: 13    God:
Gold:   129        SH:  9    Dex: 14    Spells: 4/4 levels left

rFire    . . .     SeeInvis .   j - +1 dagger (freeze)
rCold    . . .     Gourm    +   c - +0 shield
rNeg     . . .     Faith    .   b - +0 scale mail
rPois    .         Spirit   .   (no helmet)
rElec    .         Reflect  .   (no cloak)
rCorr    .         Harm     .   (no gloves)
MR       .....                  e - +1 pair of boots
Stlth    ..........             g - amulet of the gourmand
Regen    0.1/turn               k - ring of magical power
MPRegen  0.2/turn               (no ring)

@: mighty
A: no striking features
a: no special abilities


You were on level 3 of the Dungeon.
You were completely stuffed.

You visited 1 branch of the dungeon, and saw 3 of its levels.

You collected 129 gold pieces.

Inventory:

Hand Weapons
 a - a +0 rapier
 j - a +1 dagger of freezing (weapon)
Armour
 b - a +0 scale mail (worn)
 c - a +0 shield (worn)
 e - a +1 pair of boots (worn)
Jewellery
 g - an amulet of the gourmand (around neck)
 k - a ring of magical power (left hand)
Wands
 p - a wand of random effects (16/48)
Scrolls
 m - a scroll of remove curse
 o - a scroll of immolation
Potions
 i - 2 potions of curing
Comestibles
 f - a bread ration
 h - 2 meat rations
 l - 3 chunks of flesh


   Skills:
 - Level 2.4 Fighting
 - Level 5.1 Short Blades
 - Level 2.4 Armour
 + Level 1.7 Dodging
 - Level 2.4 Shields


You had 4 spell levels left.
You didn't know any spells.

Dungeon Overview and Level Annotations

Branches:
Dungeon (3/15)

Altars:
Okawaru
Zin


Message History

An ooze comes into view.
Your shield and scale mail prevent you from hitting the orc priest.
The orc priest is lightly wounded.
The ooze quivers.
The orc hits you but does no damage. The orc misses you.
You hit the orc priest. You freeze the orc priest.
The orc priest is heavily wounded.
The orc priest hits you with a dagger. The orc hits you but does no damage. x2
You hit the orc priest. You freeze the orc priest.
The orc priest is almost dead.
The orc hits you with a falchion.
The orc priest hits you but does no damage.
You block the orc's attack. The orc hits you with a short sword.
* * * LOW HITPOINT WARNING * * *
You hit the orc priest but do no damage.
The orc priest is almost dead.
The orc hits you but does no damage.
The orc priest calls down the wrath of Beogh upon you.
Beogh smites you!
You die...

##... .. #. .... ..####
#.# ###...##.... ##
###.# ........... ...
...###
..........#####.####.##.
........................
......oo...............#
...J..o@.%#<............
.#####o...#..........###
###..#..........#
#......(......#
#.............#
###..#........#.##
#.......#####....#
#........# ###..#
#...........# #..#


You could see an orc priest, an ooze and 3 orcs.

Vanquished Creatures
  An orc wizard (D:3)
  An adder (D:2)
  4 gnolls (D:2)
  2 worms
  3 dart slugs
  A leopard gecko (D:3)
  2 orcs (D:2)
  2 ball pythons (D:2)
  5 bats
  3 giant cockroaches
  10 goblins
  A hobgoblin (D:2)
  9 jackals
  4 kobolds
  A quokka (D:3)
  6 frilled lizards
  6 rats
61 creatures vanquished.

Notes
Turn   | Place    | Note
-------+----------+-------------------------------------------
     0 | D:1      | AverageBear the Deep Elf Fighter began the quest for the Orb.
     0 | D:1      | Reached XP level 1. HP: 13/13 MP: 3/3
    12 | D:1      | Reached skill level 1 in Dodging
    64 | D:1      | Reached XP level 2. HP: 16/18 MP: 4/4
   584 | D:1      | Reached skill level 3 in Short Blades
   637 | D:1      | Reached XP level 3. HP: 22/22 MP: 5/5
  1350 | D:2      | Reached skill level 4 in Short Blades
  1350 | D:2      | Reached XP level 4. HP: 19/27 MP: 6/6
  1820 | D:2      | Found a glowing silver altar of Zin.
  2069 | D:2      | Found an iron altar of Okawaru.
  2501 | D:3      | Reached skill level 5 in Short Blades
  2501 | D:3      | Reached XP level 5. HP: 28/31 MP: 7/7
  2509 | D:3      | Killed from afar by an orc priest

Skill      XL: |  1  2  3  4 |
---------------+-------------+-----
Dodging        | 1 |  1.7
Short Blades   | 3 4 5 |  5.1
Fighting       | |  2.4
Armour         | |  2.4
Shields        | |  2.4

Action                   |  1- 3 |  4- 6 || total
-------------------------+-------+-------++-------
Melee: Rapier            |    43 |       ||    43
       Dagger            |   115 |    85 ||   200
  Use: Scroll            |     1 |     5 ||     6
       Potion            |     2 |     3 ||     5
 Stab: Invisible         |       |     1 ||     1
  Eat: Chunk             |    12 |     7 ||    19
Armor: Scale mail        |    81 |    31 ||   112
Dodge: Dodged            |    34 |    14 ||    48
Block: Shield            |    71 |    34 ||   105
